 Dungeon Crawl Stone Soup version 0.30-a0-12-gd8047c6341 (webtiles) character file.

Game seed: 12309129425761415438

468 drugrobin the Slicer (level 7, -8/41 HPs)
             Began as a Kobold Delver on Aug 24, 2022.
             Was an Initiate of Yredelemnul.
             Killed from afar by an orc wizard (14 damage)
             ... with a puff of flame
             ... on level 4 of the Dungeon.
             The game lasted 00:10:05 (3666 turns).

drugrobin the Slicer (Kobold Delver)                Turns: 3666, Time: 00:10:06

Health: -8/41      AC:  3    Str: 10    XL:     7   Next: 30%
Magic:  7/7        EV: 21    Int: 11    God:    Yredelemnul [......]
Gold:   215        SH:  0    Dex: 18    Spells: 6/6 levels left

rFire   . . .      SeeInvis .    a - +0 short sword
rCold   . . .      Faith    .    (no shield)
rNeg    . . .      Spirit   .    q - +0 robe
rPois   +          Reflect  .    (no helmet)
rElec   .          Harm     .    B - +0 cloak {rPois}
rCorr   .          Rampage  .    (no gloves)
Will    .....                    (no boots)
Stlth   +++++.....               (no amulet)
HPRegen 0.13/turn                i - +4 ring of evasion
MPRegen 0.10/turn                (no ring)

@: mighty
A: small, no large weapons, nightstalker 3
a: Renounce Religion, Recall Undead Harvest


You were on level 4 of the Dungeon.
You worshipped Yredelemnul.
Yredelemnul was noncommittal.
You visited 1 branch of the dungeon, and saw 5 of its levels.

You collected 215 gold pieces.

Inventory:

Hand Weapons
 a - a +0 short sword (weapon)
 b - the +5 sling "Giqiapp" {flame, +Blink rF++}
   (You took it off a kobold on level 2 of the Dungeon)

   Any ammunition fired from it burns those it strikes, dealing additional fire
   damage.
   rF:        It greatly protects you from fire.
   +Blink:    It lets you blink.
 y - a +2 quarterstaff of chaos
Missiles
 l - 7 poisoned darts (quivered)
 D - a throwing net
Armour
 q - a +0 robe (worn)
 x - a +0 leather armour
 B - a +0 cloak of poison resistance (worn)
Magical Staves
 j - a staff of cold
Jewellery
 i - a +4 ring of evasion (left hand)
Wands
 g - a wand of digging (3)
 C - a wand of roots (1)
Scrolls
 c - a scroll of fog
 d - 2 scrolls of magic mapping
 e - 2 scrolls of fear
 f - 3 scrolls of enchant armour {unknown}
 h - a scroll of amnesia {unknown}
 n - a scroll of identify {unknown}
 o - 2 scrolls of butterflies {unknown}
 p - a scroll of brand weapon {unknown}
 t - a scroll of silence {unknown}
 v - a scroll of vulnerability {unknown}
Potions
 k - a potion of cancellation {unknown}
 m - a potion of degeneration {unknown}
 r - 2 potions of invisibility {unknown}
 s - a potion of attraction {unknown}
 z - a potion of mutation {unknown}
 A - a potion of ambrosia {unknown}


   Skills:
 - Level 3.2 Fighting
 + Level 8.0 Short Blades
 + Level 5.6 Dodging
 - Level 6.6 Stealth


You had 6 spell levels left.
You didn't know any spells.
Your spell library contained the following spells:

 Spells                   Type           Power      Damage    Failure   Level
 Gell's Gravitas          Tloc           0%         N/A       71%         3
 Teleport Other           Tloc           0%         N/A       71%         3
 Dispersal                Tloc           0%         N/A       100%        6


Dungeon Overview and Level Annotations

Branches:
Dungeon (5/15)
 Temple: D:4-7

Altars:
Cheibriados
Yredelemnul

Annotations:
D:4 Blork the orc


Innate Abilities, Weirdness & Mutations

You are small and have problems with some larger weapons.
You are completely attuned to the shadows.


Message History

The orc priest hits your iguana zombie with a +0 hand axe!
The orc barely misses your jackal zombie.
The orc hits your worm zombie with a +0 hand axe.
The orc hits your iguana zombie with a +0 hand axe.
Your jackal zombie closely misses the orc.
Your worm zombie bites something.
Your iguana zombie bites the orc priest.
Unknown command.
You feel better.
Your jackal zombie bites the orc.
The orc hits your jackal zombie with a +0 hand axe.
The orc hits your worm zombie with a +0 hand axe.
The orc barely misses your iguana zombie.
The orc priest barely misses your iguana zombie.
Unknown command.
Unknown command.
Unknown command.
Unknown command.
Unknown command.
You swap places.
Your jackal zombie bites the orc.
Your iguana zombie closely misses the orc priest.
The orc priest hits your iguana zombie with a +0 hand axe!
Your iguana zombie is destroyed!
You hear some strange, mumbled words.
A puff of flame appears from out of thin air!
The puff of flame hits you!
* * * LOW HITPOINT WARNING * * *
The orc barely misses your jackal zombie.
The orc misses you.
The orc priest shouts!
Unknown command.
Unknown command.
Unknown command.
Unknown command.
You hit something but do no damage.
Your jackal zombie barely misses the orc.
You hear some strange, mumbled words.
A puff of flame appears from out of thin air!
The puff of flame hits you!
You die...
Your body rises from the dead as a mindless zombie.

#.####.##+#.#
..........#
####.##+#.#....
#..Z.'..#.#......
≈≈≈≈
#8.#.#..#.#.......
≈≈≈≈
####.####.#.$.....
.≈≈≈
................##
....
###########......#
.... ....ZZ@....
.... .....oo{o..
#... $..##......
#... ... #......
##.. ##..... ##.
#. ## # #


You could see an orc priest, 2 orcs, a friendly jackal zombie and a friendly
worm zombie.

Vanquished Creatures
  Menkaure (D:4)
  A black bear (D:3)
  Crazy Yiuf (D:2)
  An orc priest (D:3)
  Terence (D:2)
  An iguana (D:4)
  Ijyb (D:3)
  4 adders
  2 worms
  3 orcs
  7 endoplasms
  2 giant cockroaches
  4 goblins
  2 hobgoblins
  7 jackals
  3 kobolds
  2 quokkas
  3 ball pythons
  5 bats
  3 frilled lizards (D:1)
  5 rats
59 creatures vanquished.

Vanquished Creatures (collateral kills)
  An orc wizard (D:3)
  A hobgoblin (D:1)
  A frilled lizard (D:1)
3 creatures vanquished.

Vanquished Creatures (others)
  An iguana zombie (D:4)
  A bat zombie (D:2)
  An endoplasm zombie (D:3)
  A jackal zombie (D:4)
  A rat zombie (D:2)
5 creatures vanquished.

Grand Total: 67 creatures vanquished

Notes
Turn   | Place    | Note
-------+----------+-------------------------------------------
     0 | D:5      | drugrobin the Kobold Delver began the quest for the Orb.
     0 | D:5      | Reached XP level 1. HP: 14/14 MP: 1/1
    31 | D:5      | Noticed a hound
    37 | D:5      | Noticed an iguana
    83 | D:5      | Noticed a phantom
   124 | D:5      | Noticed a scorpion
   136 | D:5      | Noticed an iguana
   160 | D:4      | Reached skill level 3 in Short Blades
   168 | D:4      | Reached XP level 2. HP: 19/19 MP: 2/2
   185 | D:4      | Noticed Blork the orc
   233 | D:3      | Reached skill level 4 in Short Blades
   256 | D:3      | Found a snail-covered altar of Cheibriados.
   325 | D:3      | Noticed a black bear
   611 | D:2      | Reached XP level 3. HP: 14/23 MP: 3/3
   760 | D:2      | Found a basalt altar of Yredelemnul.
   766 | D:2      | Reached skill level 5 in Short Blades
   769 | D:2      | Became a worshipper of Yredelemnul the Dark
   893 | D:1      | Reached XP level 4. HP: 18/28 MP: 4/4
  1127 | D:1      | Reached * piety under Yredelemnul
  1712 | D:1      | Found a faded altar of an unknown god.
  1771 | D:1      | Reached ** piety under Yredelemnul
  1923 | D:2      | Identified the +5 sling "Giqiapp" {flame, +Blink rF++}
  2029 | D:2      | Noticed Terence
  2051 | D:2      | Killed Terence
  2052 | D:2      | Reached skill level 6 in Short Blades
  2052 | D:2      | Reached XP level 5. HP: 14/32 MP: 5/5
  2488 | D:2      | Found a runed translucent door.
  2492 | D:2      | Noticed Crazy Yiuf
  2498 | D:2      | Killed Crazy Yiuf
  2686 | D:3      | Killed a black bear
  2687 | D:3      | Reached XP level 6. HP: 37/37 MP: 6/6
  2715 | D:3      | Reached skill level 7 in Short Blades
  3149 | D:3      | Noticed Ijyb
  3157 | D:3      | Killed Ijyb
  3478 | D:4      | Noticed Menkaure
  3482 | D:4      | Killed Menkaure
  3483 | D:4      | Reached skill level 5 in Dodging
  3483 | D:4      | Reached XP level 7. HP: 41/41 MP: 7/7
  3510 | D:4      | Reached skill level 8 in Short Blades
  3666 | D:4      | Killed from afar by an orc wizard

Illustrated notes

Levels and vault maps discovered:
D:1:      eino_arrival_cavern_d, layout_loops_cross,
          shapermc_ecumenical_altar_mp_urbaneastern
D:2:      layout_rooms, basic_altar, uniq_terence, uniq_crazy_yiuf_cottage
D:3:      layout_loops_cross, cheibriados_altar_1, grunt_ministairs_7, uniq_ijyb
D:4:      minmay_door_path, layout_cave_pods, mainiacjoe_overflow_24_doors,
          nicolae_dithmenos_the_darkroom, temple_pool_b, minmay_statues_item,
          uniq_pikel, uniq_menkaure, uniq_blork_the_orc
D:5:      layout_cave_pools, kennysheep_mini_moat, kennysheep_generic_room_11

Skill      XL: |  1  2  3  4  5  6  7 |
---------------+----------------------+-----
Short Blades   | 3 4 5 6 7 8 |  8.0
Dodging        | 3 4 5 |  5.6
Fighting       | |  3.2
Stealth        | |  6.6

Action                   |  1- 3 |  4- 6 |  7- 9 || total
-------------------------+-------+-------+-------++-------
Melee: Short sword       |    59 |    59 |    33 ||   151
       Punch             |     1 |       |     1 ||     2
 Fire: Sling             |       |    39 |     2 ||    41
Throw: Dart              |     2 |     4 |     1 ||     7
Evoke: Wand              |       |     1 |       ||     1
  Use: Potion            |       |     1 |     2 ||     3
 Stab: Sleeping          |     7 |    13 |     1 ||    21
Armor: Robe              |     6 |     9 |     1 ||    16
       Leather armour    |     1 |       |       ||     1
Dodge: Dodged            |    44 |    45 |    18 ||   107

Table legend: (Time is in decaauts)
 A = Elapsed time spent in this place.
 B = Non-inter-level travel time spent in this place.
 C = Inter-level travel time spent in this place.
 D = Time resting spent in this place.
 E = Time spent auto-exploring this place.
 F = Levels seen in this place.
 G = Mean time per level.
                   A        B        C        D        E       F      G
               +--------+--------+--------+--------+--------+-----+--------+
         Total |   3631 |   3480 |    151 |    339 |   2247 |   5 |  726.2 |
       Dungeon |   3631 |   3480 |    151 |    339 |   2247 |   5 |  726.2 |
               +--------+--------+--------+--------+--------+-----+--------+

Top non-repeatable levels by time:
     D:3: 1131 daAuts
     D:2: 1075 daAuts
     D:1: 1015 daAuts
     D:4: 259 daAuts
     D:5: 149 daAuts
